 Dungeon Crawl Stone Soup version 0.29-a0-732-g3d7fbe0af2 (webtiles) character file.

Game seed: 15577103886499708884

6277 coolguy69 the Covert (level 10, -3/51 HPs)
             Began as a Vine Stalker Monk on June 29, 2022.
             Was a High Priest of Okawaru.
             Slain by an orc knight
             ... wielding a +0 glaive
              (32 damage)
             ... in a bailey.
             The game lasted 00:15:04 (7584 turns).

coolguy69 the Covert (Vine Stalker Monk)            Turns: 7584, Time: 00:15:07

Health: -3/51      AC: 12    Str: 16    XL:     10   Next: 94%
Magic:  0/11       EV: 26    Int: 10    God:    Okawaru [*****.]
Gold:   396        SH:  9    Dex: 31    Spells: 9/9 levels left

rFire   . . .      SeeInvis .   I - +4 dagger (elec)
rCold   . . .      Faith    .   v - +0 buckler
rNeg    . . .      Spirit   +   H - +1 steam dragon scales
rPois   .          Reflect  .   y - +0 helmet
rElec   .          Harm     .   M - +1 cloak {rCorr}
rCorr   +          Rampage  .   g - +0 pair of gloves
Will    +....                   (no boots)
Stlth   +++++++...              G - amulet of regeneration
HPRegen 1.77/turn               d - +6 ring of dexterity
MPRegen 0.12/turn               u - +6 ring of dexterity

@: heroic
A: fangs 3, regeneration 1, magic shield, antimagic bite, no potion heal 2
a: Renounce Religion, Heroism, Finesse, Duel


You were in a bailey.
You worshipped Okawaru.
Okawaru was extremely pleased with you.
You visited 2 branches of the dungeon, and saw 10 of its levels.
You also visited: Bailey.

You collected 430 gold pieces.
You spent 34 gold pieces at shops.

Inventory:

Hand Weapons
 F - a +0 short sword of venom
 I - a +4 dagger of electrocution (weapon)
Armour
 g - a +0 pair of gloves (worn)
 v - a +0 buckler (worn)
 y - a +0 helmet (worn)
 H - +1 steam dragon scales (worn)
 M - a +1 cloak of preservation (worn)
Jewellery
 d - a +6 ring of dexterity (left hand)
 i - an amulet of magic regeneration
 r - a ring of see invisible
 u - a +6 ring of dexterity (right hand)
 G - an amulet of regeneration (around neck)
Wands
 k - a wand of iceblast (10)
 o - a wand of paralysis (7)
 J - a wand of flame (14)
 L - a wand of polymorph (9)
Scrolls
 a - a scroll of amnesia
 f - 5 scrolls of teleportation
 m - a scroll of blinking
 n - 3 scrolls of magic mapping
 x - a scroll of fear
 A - a scroll of fog
 E - a scroll of noise
Potions
 c - 2 potions of ambrosia
 e - a potion of curing {unknown}
 h - 2 potions of attraction {unknown}
 j - a potion of berserk rage {unknown}
 l - 3 potions of haste
 q - 3 potions of lignification {unknown}
 s - 4 potions of heal wounds {unknown}
 t - 2 potions of might {unknown}
 w - 2 potions of flight {unknown}
 z - 2 potions of mutation {unknown}
 B - a potion of resistance {unknown}
 C - a potion of cancellation {unknown}
 D - a potion of brilliance


   Skills:
 + Level 5.1(10.1) Fighting
 - Level 8.0(13.0) Short Blades
 + Level 3.2(8.2) Armour
 + Level 7.5(12.5) Dodging
 + Level 9.8(14.8) Stealth
 - Level 5.0(10.0) Shields
 + Level 0.2 Invocations


You had 9 spell levels left.
You didn't know any spells.
Your spell library contained the following spells:

 Spells                   Type           Power      Damage    Failure   Level
 Necrotize                Necr           0%         1d4       41%         1
 Ozocubu's Armour         Ice            0%         N/A       80%         3
 Stone Arrow              Conj/Erth      0%         3d7       80%         3
 Vampiric Draining        Necr           0%         2d6       80%         3
 Agony                    Necr           0%         N/A       100%        5
 Ozocubu's Refrigeration  Ice            0%         4d5       100%        7
 Lehudib's Crystal Spear  Conj/Erth      0%         10d2      100%        8
 Animate Armour           Summ/Erth      Unusable   N/A       N/A         4

Dungeon Overview and Level Annotations

Branches:
Dungeon (9/15)             Temple (1/1) D:5          Bailey (1/1)
   Lair: D:8-11         Orc: D:9-12

Altars:
Ashenzari
Cheibriados
Dithmenos
Elyvilon
Fedhas
Gozag
Hepliaklqana
Kikubaaqudgha
Nemelex Xobeh
Okawaru
Qazlal
Ru
Sif Muna
Trog
Uskayaw
Vehumet
Wu Jian
Xom
Yredelemnul
Zin
The Shining One

Shops:
D:4 [   D:7 **


Innate Abilities, Weirdness & Mutations

You have razor-sharp teeth.
Your natural rate of healing is unusually fast.
When hurt, damage is shared between your health and your magic reserves.
Your bite disrupts and absorbs the magic of your enemies.
Potions cannot restore your health.


Message History

Okawaru accepts your kill.
Things that are here:
a +0 spear; a +0 chain mail
There is an open door here.
You open the door. You open the gate.
Found a runed executioner's axe.
Found two gates leading back out of this place.
No target in view!
There is an open gate here.
You see here a +4 vampiric executioner's axe.
You open the door. 2 orc knights come into view.
Found a glowing triple crossbow and a potion of experience.
The orc knight shouts!
You block the orc knight's attack.
There is an open door here.
You completely miss the orc knight.
You bite the orc knight, but do no damage.
The orc knight hits you from afar with a +0 glaive!
The orc knight roars a battlecry!
The orc knight goes into a battle-frenzy!
You gain the combat prowess of a mighty hero.
The orc knight misses you. The orc knight closely misses you.
You fail to use your ability.
The orc knight hits you from afar with a +0 glaive!
The orc knight hits you with a +0 trident!
You barely miss the orc knight. You bite the orc knight. You drain its power.
You feel invigorated.
The orc knight is lightly wounded.
You hit the orc knight.
The orc knight is lightly wounded.
The orc knight completely misses you. The orc knight misses you.
You hit the orc knight.
Lightning courses through the orc knight!
You bite the orc knight. You drain its power.
The orc knight is heavily wounded.
The orc knight hits you from afar with a +0 glaive!!!
Ouch! That really hurt!
You die...

...≈≈.≈≈≈...#########...≈≈≈.≈≈...
...........##.......##......)....
..........##..#'#'#..##.....)....
..........#..##)#.##..#..........
.........##.#########.##.........
.........##.')#!.)#)'.##.........
.........##.###o8.###.##.........
.........##.'.#.o.#)'.##.........
.........##.####@####.##.........
..........#..##∩)∩##..##.........
..........##..#'''##.............
...........##.....##.............
...≈≈.≈≈≈...##....##....≈≈≈.≈≈...
..≈≈#)##≈....#######....≈##.#≈≈..
..≈##)∩#≈...............≈#∩.##≈..
..≈#.....................))..#≈..
..≈##.##≈...............≈##.##≈..


You could see 2 orc knights.

Vanquished Creatures
  Grum (D:8)
  The ghost of hquester1 the Trooper, an amateur MiFi (D:3)
  4 steam dragons
  3 water moccasins
  16 orc warriors
  4 black bears
  3 wolves (D:8)
  2 centaurs
  2 kobold brigands (D:8)
  A bullfrog (D:6)
  2 gnoll sergeants
  2 necrophages
  2 scorpions (D:5)
  12 wights
  15 killer bees
  4 howler monkeys
  3 jellies
  3 quasits (D:3)
  3 hounds
  2 orc priests (D:4)
  An iguana (D:5)
  A gnoll shaman (D:4)
  11 orc wizards
  12 gnolls
  4 adders
  A white imp (D:7)
  2 worms (D:4)
  A dart slug (D:2)
  35 orcs
  2 bats (D:1)
  4 endoplasms
  A giant cockroach (D:3)
  9 goblins
  3 hobgoblins
  3 jackals (D:1)
  13 kobolds
  2 quokkas
  4 ball pythons
  A frilled lizard (D:1)
  3 rats
198 creatures vanquished.

Notes
Turn   | Place    | Note
-------+----------+-------------------------------------------
     0 | D:1      | coolguy69 the Vine Stalker Monk began the quest for the
                  | Orb.
     0 | D:1      | Reached XP level 1. HP: 11/11 MP: 2/2
   295 | D:1      | Found a faded altar of an unknown god.
   605 | D:1      | Reached XP level 2. HP: 16/16 MP: 3/3
  1148 | D:2      | Reached XP level 3. HP: 19/19 MP: 4/4
  1881 | D:3      | Found a transporter.
  1886 | D:3      | Noticed hquester1's ghost (amateur MiFi)
  1929 | D:3      | Found a transporter.
  2116 | D:3      | Reached skill level 3 in Stealth
  2129 | D:3      | Gained mutation: Your natural rate of healing is unusually
                  | fast. [Vine Stalker growth]
  2129 | D:3      | Reached XP level 4. HP: 10/23 MP: 3/5
  2830 | D:4      | Reached skill level 1 in Armour
  2865 | D:4      | Noticed a black bear
  2867 | D:4      | Killed a black bear
  2868 | D:4      | Reached skill level 4 in Stealth
  2868 | D:4      | Reached XP level 5. HP: 28/28 MP: 6/6
  2878 | D:4      | Noticed a black bear
  2894 | D:4      | Killed a black bear
  2895 | D:4      | Reached XP level 6. HP: 9/32 MP: 3/7
  2898 | D:4      | Reached skill level 5 in Stealth
  2951 | D:4      | Found Cuywk's Armour Shop.
  3146 | D:4      | Reached XP level 7. HP: 36/36 MP: 8/8
  3368 | D:4      | Found a glowing drain.
  3474 | D:5      | Entered Level 5 of the Dungeon
  3515 | D:5      | Found a staircase to the Ecumenical Temple.
  3563 | D:5      | Reached skill level 1 in Shields
  3572 | D:5      | Reached skill level 6 in Stealth
  3731 | D:5      | Gained mutation: You have razor-sharp teeth. [Vine Stalker
                  | growth]
  3731 | D:5      | Reached XP level 8. HP: 34/40 MP: 7/9
  3915 | D:5      | Reached skill level 7 in Stealth
  3970 | Temple   | Entered the Ecumenical Temple
  4142 | Temple   | Became a worshipper of Warmaster Okawaru
  4142 | Temple   | Reached * piety under Okawaru
  4142 | Temple   | Reached ** piety under Okawaru
  4326 | D:5      | Reached skill level 5 in Short Blades
  4781 | D:6      | Reached skill level 8 in Stealth
  4781 | D:6      | Reached XP level 9. HP: 45/45 MP: 10/10
  5255 | D:7      | Reached *** piety under Okawaru
  5305 | D:7      | Found Uxoill's Assorted Antiques.
  5313 | D:7      | Bought a scroll labelled RIEDWA ZIG GOK for 34 gold pieces
  5474 | D:7      | Reached skill level 5 in Dodging
  5805 | D:7      | Found Ebryebei's Serpentskin Sales.
  6130 | D:8      | Reached **** piety under Okawaru
  6329 | D:8      | Reached skill level 9 in Stealth
  6329 | D:8      | Reached XP level 10. HP: 51/51 MP: 11/11
  6532 | D:8      | Noticed Grum
  6560 | D:8      | Killed Grum
  6793 | D:8      | Reached skill level 5 in Fighting
  7058 | D:3      | Killed hquester1's ghost
  7248 | D:9      | Reached skill level 5 in Shields
  7288 | D:9      | Found a flagged portal.
  7308 | Bailey   | Entered a bailey
  7391 | Bailey   | Reached ***** piety under Okawaru
  7577 | Bailey   | Noticed an orc knight
  7577 | Bailey   | Noticed an orc knight
  7584 | Bailey   | Slain by an orc knight

Illustrated notes

Levels and vault maps discovered:
D:1:      saegor_arrival_simple_c, layout_basic,
          shapermc_ecumenical_altar_ellora
D:2:      layout_loops_cross
D:3:      layout_basic, gammafunk_ghost_stat_death, minivault_27
D:4:      layout_loops_ring, cheibrodos_sewer_entry_bend, serial_shops, shop,
          grunt_decor_mini_mirrors
D:5:      layout_cave_pods, minmay_temple_entry_stoned_glass
D:6:      minmay_flawed_box, layout_rooms, dk_rats_in_the_wall
D:7:      layout_basic, serial_shops, nicolae_shop_statue_plus,
          guppyfry_shop_venom
D:8:      layout_loops_corners, kennysheep_generic_room_15, uniq_grum
D:9:      layout_basic, makhleb_altar_promises_db, enter_bailey_5, st_stairs_3,
          uniq_erica
Temple:   kilobyte_greek_temple
Bailey:   bailey_polearm_2, bailey

Skill      XL: |  1  2  3  4  5  6  7  8  9 10 |
---------------+-------------------------------+-----
Short Blades   | 3 4 5 6 8 |  8.0
Stealth        | 3 4 5 6 8 9 |  9.8
Armour         | 1 2 3 |  3.2
Fighting       | 3 4 5 |  5.1
Dodging        | 3 4 5 7 |  7.5
Shields        | 1 2 4 5 |  5.0
Invocations    | |  0.2

Action                   |  1- 3 |  4- 6 |  7- 9 | 10-12 || total
-------------------------+-------+-------+-------+-------++-------
Melee: Short sword       |    34 |       |   234 |       ||   268
       Bite              |    16 |    19 |   115 |    81 ||   231
       Dagger            |    51 |    73 |   104 |   239 ||   467
Invok: Heroism           |       |       |     1 |     2 ||     3
  Use: Scroll            |     2 |       |    14 |     1 ||    17
       Potion            |       |     1 |       |       ||     1
 Stab: Sleeping          |     7 |     8 |    14 |     4 ||    33
       Invisible         |       |     3 |       |       ||     3
Armor: Robe              |     3 |       |       |       ||     3
       Leather armour    |    16 |    27 |    30 |       ||    73
       Steam dragon scal |       |       |    58 |    51 ||   109
Dodge: Dodged            |    48 |    38 |   223 |   174 ||   483
Block: Buckler           |       |    15 |   101 |    84 ||   200

Table legend: (Time is in decaauts)
 A = Elapsed time spent in this place.
 B = Non-inter-level travel time spent in this place.
 C = Inter-level travel time spent in this place.
 D = Time resting spent in this place.
 E = Time spent auto-exploring this place.
 F = Levels seen in this place.
 G = Mean time per level.
                   A        B        C        D        E       F      G
               +--------+--------+--------+--------+--------+-----+--------+
         Total |   7432 |   6729 |    703 |    389 |   4849 |  11 |  675.6 |
       Dungeon |   6983 |   6316 |    667 |    380 |   4600 |   9 |  775.9 |
        Temple |    208 |    172 |     36 |      0 |    146 |   1 |  208.0 |
        Bailey |    240 |    240 |      0 |      9 |    103 |   1 |  240.0 |
               +--------+--------+--------+--------+--------+-----+--------+

Top non-repeatable levels by time:
     D:3: 1118 daAuts
     D:1: 1093 daAuts
     D:8: 1010 daAuts
     D:5: 945 daAuts
     D:7: 793 daAuts
     D:4: 737 daAuts
     D:2: 639 daAuts
     D:6: 581 daAuts
  Bailey: 240 daAuts
  Temple: 208 daAuts
     D:9: 63 daAuts
